 Dungeon Crawl Stone Soup version 0.16.2-12-gd0ad4c3 (webtiles) character file.

52 kroki the Skirmisher (level 3, -1/24 HPs)
             Began as a Deep Elf Berserker on Feb 3, 2016.
             Was a Believer of Trog.
             Slain by a goblin
             ... wielding a +0 club
             ... led by Robin
              (6 damage)
             ... on level 2 of the Dungeon.
             The game lasted 00:01:22 (1636 turns).

kroki the Skirmisher (Deep Elf Berserker)           Turns: 1636, Time: 00:01:22

Health: -1/24      AC:  2    Str: 15    XL:     3   Next: 60%
Magic:  6/6        EV: 13    Int: 11    God:    Trog [**....]
Gold:   122        SH:  0    Dex: 14    Spells: 0 memorised, 2 levels left

rFire  . . .     SeeInvis .     a - +0 falchion
rCold  . . .     Clarity  .     b - +0 animal skin
rNeg   . . .     SustAb   .     (no shield)
rPois  .         Gourm    .     (no helmet)
rElec  .         Spirit   .     (no cloak)
rCorr  .         Warding  .     (no gloves)
rMut   .         Stasis   .     (no boots)
MR     .....                    (no amulet)
Stlth  +.........               (no ring)
                                (no ring)

@: exhausted, slowed, very slow, not resistant to hostile enchantments, very
unstealthy
A: no striking features
a: Burn Spellbooks, Berserk, Trog's Hand, Renounce Religion


You were on level 2 of the Dungeon.
You worshipped Trog.
Trog was pleased with you.
You were not hungry.

You visited 1 branch of the dungeon, and saw 2 of its levels.

You collected 122 gold pieces.

Inventory:

Hand weapons
 a - a +0 falchion (weapon)
Missiles
 i - 5 curare-tipped needles
Armour
 b - a +0 animal skin (worn)
 k - a +0 helmet
   (You found it on level 1 of the Dungeon)
Scrolls
 d - a scroll of immolation {unknown}
 e - 3 scrolls of identify {unknown}
 g - a scroll of noise {unknown}
 h - a scroll of magic mapping {unknown}
 j - 2 scrolls of remove curse {unknown}
 m - a scroll of enchant weapon {unknown}
Potions
 f - a potion of flight {unknown}
 l - a potion of agility {unknown}
 n - a potion of restore abilities {unknown}
Comestibles
 c - 2 bread rations {@e1}


   Skills:
 + Level 3.8 Fighting
 - Level 2.6 Long Blades
 - Level 1.5 Armour
 - Level 2.4 Dodging


You had 2 spell levels left.
You didn't know any spells.

Dungeon Overview and Level Annotations

Branches:
Dungeon (2/15)

Altars:

Annotations:
D:2 Robin


Message History

Your skin stops crawling.
You feel less resistant to hostile enchantments.
Unknown command.
You regained 4 hp, and now have 17/24 hp.
You start resting.
You feel sick.
You are no longer poisoned.
Unknown command.
You see here a runed hunting sling.
n - a lumpy white potion Unknown command.
You feel yourself speed up.
You see here a spear.
Found two stone staircases leading down.
You regained 2 hp, and now have 19/24 hp.
Unknown command.
You feel less exhausted.
There is a stone staircase leading down here.
There is a stone staircase leading down here.
You see here 15 poisoned arrows.
You see here a leather armour.
You now have 122 gold pieces (gained 9).
A goblin comes into view.
The goblin shouts!
A goblin comes into view. It is wielding a club.
The goblin shouts!
There are monsters nearby!
Unknown command.
A goblin comes into view. It is wielding a club.
There are monsters nearby!
Health restored: 24 Unknown command.
There are monsters nearby!
A goblin comes into view.
Unknown command.
There are monsters nearby!
The goblin shouts! x2
Unknown command.
There are monsters nearby!
A goblin comes into view. It is wielding a dagger.
The goblin shouts!
You slash the goblin!
You kill the goblin!
Trog accepts your kill.
Robin of the Strong Arm comes into view.
She is wielding a spear.
You barely miss the goblin.
Robin shouts!
Robin roars a battlecry!
The goblins go into a battle-frenzy!
The goblin hits you with a club.
You take 5 damage, and have 19/24 hp.
MASSIVE DAMAGE!!
A red film seems to cover your vision as you go berserk!
You feel yourself moving faster!
You feel mighty!
You feel somewhat more hungry. The goblin hits you with a club.
You now have 27/36 hp.
Unknown command.
You closely miss the goblin. You closely miss the goblin.
The goblin barely misses you.
Robin roars a battlecry!
The goblin goes into a battle-frenzy!
You slash the goblin!
You kill the goblin!
Trog accepts your kill.
You hit the goblin.
A goblin comes into view. It is wielding a club.
The goblin shouts!
You hit the goblin.
You kill the goblin!
Trog accepts your kill. 3 goblins and a hobgoblin come into view.
The goblin shouts! x2
The hobgoblin shouts!
The goblin completely misses you. Robin throws the goblin at you!
Things that are here:
a club x2 a goblin corpse You slice the goblin!!
You kill the goblin!
Trog accepts your kill. The goblin hits you.
You take 2 damage, and have 25/36 hp.
Robin hits you with a spear.
A goblin comes into view. It is wielding a club.
Things that are here:
a dagger; a goblin corpse You take 4 damage, and have 21/36 hp.
You feel a strong urge to attack something.
A rat comes into view.
Robin closely misses you.
You see here a goblin corpse.
Unknown command.
You barely miss Robin.
You are no longer berserk.
You are exhausted.
You feel yourself slow down.
You now have 14/24 hp.
You hit Robin but do no damage. The goblin closely misses you.
The goblin hits you with a club. The goblin hits you.
* * * LOW HITPOINT WARNING * * *
The goblin closely misses you. The goblin hits you with a club.
You die...

#.#
#..#######..
#.#
##...........
. #.#
#.............
..g #.#
#.##.####.##..
#... #.# #.
#.##..
#..g##.## #
#.##.. ....g.
#.....
#.#g#g######.#
#.##..
#..gg@gr......
)..#...
#####g##.....#
##.#.#. #)#
### #..... #.#
####. #.# #.
#.# #. #.## #.
#..# #. #..#
####.


You could see Robin, a hobgoblin, 5 goblins and a rat.

Vanquished Creatures
  An adder (D:2)
  A worm (D:1)
  2 giant geckos (D:1)
  A giant cockroach (D:2)
  8 goblins
  3 hobgoblins
  4 jackals (D:2)
  4 kobolds
  3 bats (D:1)
  A giant newt (D:1)
  9 rats (D:1)
37 creatures vanquished.

Notes
Turn   | Place    | Note
--------------------------------------------------------------
     0 | D:1      | kroki, the Deep Elf Berserker, began the quest for the Orb.
     0 | D:1      | Reached XP level 1. HP: 13/13 MP: 2/2
    17 | D:1      | Noticed an electric eel
   411 | D:1      | Reached XP level 2. HP: 11/18 MP: 4/4
   575 | D:1      | Reached skill level 3 in Fighting
   775 | D:1      | Acquired Trog's second power
  1077 | D:1      | HP: 4/19 [giant gecko (3)]
  1291 | D:2      | Reached XP level 3. HP: 23/23 MP: 6/6
  1471 | D:2      | HP: 8/34 [poisoned by an adder]
  1476 | D:2      | HP: 6/36 [poisoned by an adder]
  1622 | D:2      | Noticed Robin
  1636 | D:2      | HP: 5/24 [goblin[Robin] (5)]
  1636 | D:2      | Slain by a goblin

Action                   || total
-------------------------++-------
Melee: Falchion          ||   113
Invok: Berserk           ||     5
       Trog's Hand       ||     2
  Eat: Meat ration       ||     1
       Bread ration      ||     1

Vault maps used:
D:1:      arrival_aquarium_a, hangedman_decor_lopped, minmay_unequal
D:2:      lemuel_zombie_altar_yredelemnul, first_bread, uniq_robin

Table legend:
 A = Turns spent in this place as a percentage of turns spent in the entire game.
 B = Non-inter-level travel turns spent in this place as a percentage of non-inter-level travel turns spent in the entire game.
 C = Inter-level travel turns spent in this place as a percentage of turns spent in this place.
 D = Turns resting spent in this place as a percentage of non-inter-level travel turns spent in this place.
 E = Turns spent auto-exploring this place as a percentage of non-inter-level travel turns spent in this place.
 F = Non-inter-level travel turns spent in this place divided by the number of levels of this place that you've seen.
                   A       B       C       D       E      F
               +-------+-------+-------+-------+-------+----------------------
         Total | 100.0 | 100.0 |   0.3 |   4.3 |   7.2 | 304.5
       Dungeon | 100.0 | 100.0 |   0.3 |   4.3 |   7.2 | 304.5
               +-------+-------+-------+-------+-------+----------------------

Table legend:
 A = Kills in this place as a percentage of kills in entire the game.
 B = Kills by you in this place as a percentage of kills by you in the entire game.
 C = Kills by friends in this place as a percentage of kills by friends in the entire game.
 D = Other kills in this place as a percentage of other kills in the entire game.
 E = Experience gained in this place as a percentage of experience gained in the entire game.
 F = Experience gained in this place divided by the number of levels of this place that you have seen.
                   A       B       C       D       E      F
               +-------+-------+-------+-------+-------+----------------------
         Total | 100.0 | 100.0 |  -nan |  -nan | 100.0 |  37.5
       Dungeon | 100.0 | 100.0 |  -nan |  -nan | 100.0 |  37.5
               +-------+-------+-------+-------+-------+----------------------
